 Dungeon Crawl Stone Soup version 0.21.0-3-g78d12a8 (webtiles) character file.

53 MTVSty1e the Firebug (level 3, -1/28 HPs)
             Began as a Draconian Fire Elementalist on Jan 14, 2018.
             Slain by an adder (5 damage)
             ... on level 3 of the Dungeon.
             The game lasted 00:03:26 (1913 turns).

MTVSty1e the Firebug (Draconian Fire Elementalist)  Turns: 1913, Time: 00:03:26

Health: -1/28      AC:  5    Str: 10    XL:     3   Next: 64%
Magic:  4/6        EV: 11    Int: 16    God:
Gold:   136        SH:  0    Dex: 11    Spells: 5/6 levels left

rFire    . . .     SeeInvis .   c - +0 dagger
rCold    + . .     Gourm    .   (no shield)
rNeg     . . .     Faith    .   (armour unavailable)
rPois    .         Spirit   .   (helmet restricted)
rElec    .         Reflect  .   (no cloak)
rCorr    .         Harm     .   (no gloves)
MR       .....                  (no boots)
Stlth    +.........             (no amulet)
HPRegen  0.09/turn              l - ring of protection from cold
MPRegen  0.10/turn              (no ring)

@: lethally poisoned (-1 -> -3), heavily drained
A: unfitting armour, cold-blooded, AC +5
a: no special abilities


You were on level 3 of the Dungeon.
You were not hungry.

You visited 1 branch of the dungeon, and saw 3 of its levels.

You collected 136 gold pieces.

Inventory:

Hand Weapons
 c - a +0 dagger (weapon)
Jewellery
 l - a ring of protection from cold (left hand)
Scrolls
 d - 2 scrolls of amnesia {unknown}
 e - 3 scrolls of teleportation {unknown}
 f - 2 scrolls of identify {unknown}
 h - a scroll of remove curse {unknown}
 m - a scroll of fear {unknown}
Potions
 g - a potion of heal wounds {unknown}
 i - a potion of curing {unknown}
 j - a potion of haste {unknown}
 k - 2 potions of degeneration {unknown}
Books
 a - a book of Flames

   Spells                             Type                      Level
   a - Flame Tongue                   Conjuration/Fire             1
   b - Throw Flame                    Conjuration/Fire             2
   c - Conjure Flame                  Conjuration/Fire             3
   d - Inner Flame                    Hexes/Fire                   3
   e - Sticky Flame                   Conjuration/Fire             4
   f - Fireball                       Conjuration/Fire             5
Comestibles
 b - 2 rations


   Skills:
 + Level 1.6(0.3) Fighting
 - Level 1.7(0.5) Dodging
 - Level 1.7(0.5) Stealth
 - Level 2.0(0.7) Spellcasting
 + Level 1.9(0.6) Conjurations
 * Level 3.9(2.6) Fire Magic


You had 5 spell levels left.
You knew the following spells:

 Your Spells              Type           Power        Failure   Level  Hunger
a - Flame Tongue          Conj/Fire      #....        12%         1    ##.....


Dungeon Overview and Level Annotations

Branches:
Dungeon (3/15)

Altars:
Kikubaaqudgha


Innate Abilities, Weirdness & Mutations

Your plain brown scales are hard. (AC +5)
You cannot fit into any form of body armour.
You are cold-blooded and may be slowed by cold attacks.


Message History

You are too injured to fight recklessly!
You are too injured to fight recklessly!
Casting: Flame Tongue
Confirm with . or Enter, or press ? or * to list all spells.
Aiming: Flame Tongue
Press: ? - help, Shift-Dir - straight line, f - adder
Aim: an adder (lightly wounded)
The flame tongue hits the adder.
The adder is severely wounded.
The adder bites you.
* * * LOW HITPOINT WARNING * * *
The giant cockroach closely misses you.
Casting: Flame Tongue
Confirm with . or Enter, or press ? or * to list all spells.
Aiming: Flame Tongue
Press: ? - help, Shift-Dir - straight line, f/p - adder
Aim: an adder (severely wounded)
The flame tongue misses the adder.
You feel sick. The adder barely misses you. The giant cockroach misses you.
The adder bites you.
You die...

.. ...# ... ...#
.... ...# ....#
+#...#+
.....###.....###
...............?
........S.♣.....
.......@s.......
.....###....?##
... ##..#...#+ .
#...#...#
#<.##...# ####
...+ .... .....
$.....


You could see an adder and a giant cockroach.

Vanquished Creatures
  An ooze (D:2)
  A dart slug (D:1)
  3 leopard geckos (D:1)
  3 bat skeletons (D:2)
  3 bat zombies (D:2)
  4 giant cockroaches
  6 goblins
  4 hobgoblins
  6 bats
  A frilled lizard (D:1)
  A kobold (D:1)
  7 rats
40 creatures vanquished.

Notes
Turn   | Place    | Note
-------+----------+-------------------------------------------
     0 | D:1      | MTVSty1e the Draconian Fire Elementalist began the quest for the Orb.
     0 | D:1      | Reached XP level 1. HP: 14/14 MP: 3/3
   352 | D:1      | Reached XP level 2. HP: 22/22 MP: 5/5
   417 | D:1      | Reached skill level 1 in Fighting
   936 | D:2      | Reached XP level 3. HP: 6/28 MP: 4/6
  1658 | D:2      | Found an ancient bone altar of Kikubaaqudgha.
  1913 | D:3      | Slain by an adder

Skill      XL: |  1  2 |
---------------+-------+-----
Fighting       | 1 |  1.6
Dodging        | |  1.7
Stealth        | |  1.7
Spellcasting   | |  2.0
Conjurations   | |  1.9
Fire Magic     | |  3.9

Action                   || total
-------------------------++-------
Melee: Unarmed           ||    39
       Tailslap          ||    22
       Dagger            ||   124
 Cast: Flame Tongue      ||    18
  Use: Scroll            ||     1
 Stab: Sleeping          ||     6
  Eat: Ration            ||     1
Armor: Skin              ||    95
Dodge: Dodged            ||   141
